Map: Orbital Shipyard

Players

Rainman - Winner!

  • Race: Protoss Protoss
  • League: Grandmaster

Maze

  • Race: Zerg Zerg
  • League: Master

VOD

Have the link to the VOD?

Description

Time

  • Played on: March 6, 2016, 9 p.m.
  • Length: 10:05
Show
View Real Time Build Order
Export as new Build Order

Rainman Protoss - Winner!

Build Orders: 1 Gate Expand, Phoenix Opening 

Get SALT Encoding   

  12  0:01  Probe (Chrono Boost)  
  13  0:12  Probe (Chrono Boost)  
  14  0:18  Pylon  
  14  0:22  Probe (Chrono Boost)  
  15  0:37  Probe (Chrono Boost)  
  15  0:38  Gateway  
  16  0:47  Probe (Chrono Boost)  
  16  0:48  Assimilator  
  17  0:58  Probe (Chrono Boost)  
  18  1:08  Probe (Chrono Boost)  
  19  1:23  Nexus  
  19  1:24  Probe (Chrono Boost)  
  20  1:35  Cybernetics Core  
  20  1:38  Probe (Chrono Boost)  
  21  1:44  Assimilator  
  21  1:51  Pylon  
  21  1:54  Probe (Chrono Boost)  
  22  2:04  Probe (Chrono Boost)  
  23  2:11  Adept  
  23  2:12  Warp Gate  
  23  2:15  Probe (Chrono Boost)  
  26  2:25  Probe (Chrono Boost)  
  26  2:28  Pylon  
  27  2:32  Stargate  
  28  2:38  Probe (Chrono Boost)  
  28  2:42  Stalker (Chrono Boost)  
  30  2:47  Probe (Chrono Boost)  
  30  2:50  Probe (Chrono Boost)  
  32  2:58  Probe (Chrono Boost)  
  33  3:02  Mothership Core (Chrono Boost)  
  35  3:09  Probe (Chrono Boost)  
  36  3:14  Adept, Pylon  
  36  3:18  Phoenix (Chrono Boost)  
  40  3:21  Probe  
  40  3:22  Probe  
  42  3:33  Probe x2  
  43  3:41  Phoenix (Chrono Boost)  
  46  3:43  Pylon  
  46  3:44  Probe  
  46  3:45  Probe  
  46  3:48  Adept  
  50  3:54  Probe  
  50  3:57  Probe  
  50  4:02  Phoenix (Chrono Boost)  
  54  4:05  Probe  
  54  4:09  Probe  
  56  4:10  Pylon  
  56  4:15  Probe  
  56  4:21  Probe  
  58  4:26  Probe, Nexus, Sentry  
  61  4:31  Pylon  
  61  4:33  Probe  
  61  4:36  Probe  
  63  4:39  Phoenix (Chrono Boost)  
  63  4:41  Assimilator  
  65  4:45  Probe  
  65  4:47  Assimilator  
  67  5:00  Probe  
  67  5:06  Phoenix (Chrono Boost)  
  65  5:15  Probe  
  65  5:19  Probe  
  67  5:23  Adept  
  67  5:26  Pylon  
  67  5:27  Probe  
  68  5:35  Probe, Pylon  
  68  5:36  Probe  
  68  5:38  Pylon  
  68  5:39  Probe  
  70  5:46  Probe x2  
  72  5:51  Probe  
  72  5:54  Forge, Twilight Council  
  72  5:56  Probe  
  73  5:57  Probe  
  73  5:58  Robotics Facility x2  
  73  6:00  Robotics Facility  
  73  6:02  Phoenix (Chrono Boost)  
  73  6:03  Probe  
  78  6:06  Adept  
  78  6:07  Probe x2  
  82  6:15  Probe  
  82  6:16  Protoss Ground Weapons Level 1  
  82  6:17  Probe  
  82  6:18  Probe  
  83  6:19  Assimilator  
  83  6:21  Pylon  
  83  6:24  Phoenix (Chrono Boost), Assimilator  
  87  6:26  Gateway  
  87  6:27  Probe, Gateway  
  87  6:28  Gateway  
  87  6:31  Resonating Glaives (Chrono Boost)  
  88  6:38  Adept  
  90  6:40  Probe  
  90  6:42  Probe  
  90  6:43  Pylon  
  90  6:46  Immortal (Chrono Boost), Observer (Chrono Boost)  
  97  6:51  Phoenix  
  99  6:57  Probe  
  104  7:02  Adept  
  104  7:06  Immortal (Chrono Boost)  
  106  7:09  Gateway  
  106  7:10  Gateway  
  106  7:12  Gateway  
  106  7:13  Pylon  
  110  7:16  Immortal (Chrono Boost)  
  110  7:22  Immortal (Chrono Boost)  
  114  7:23  Sentry  
  116  7:32  Adept x3  
  122  7:37  Pylon  
  122  7:39  Pylon  
  122  7:42  Warp Prism (Chrono Boost)  
  124  7:50  Templar Archives  
  124  7:51  Pylon  
  124  7:54  Adept x3  
  124  7:55  Adept  
  132  8:06  Immortal (Chrono Boost)  
  132  8:12  Immortal (Chrono Boost)  
  140  8:19  Observer (Chrono Boost)  
  141  8:22  Pylon  
  141  8:25  Pylon  
  141  8:37  Observer (Chrono Boost)  
  141  8:41  Adept x6  
  138  8:42  Adept  
  140  8:58  Immortal (Chrono Boost)  
  140  9:02  Adept x2  
  150  9:03  Immortal (Chrono Boost), Adept x5  
  142  9:25  Adept x4  
  142  9:26  Adept x3  
  158  9:31  Immortal (Chrono Boost)  
  150  9:46  Adept x6  
Show
View Real Time Build Order
Export as new Build Order

Maze Zerg 

Build Orders: Hatch First 

Get SALT Encoding   

  12  0:01  Drone  
  13  0:12  Overlord  
  13  0:17  Drone  
  14  0:31  Drone x2  
  17  0:35  Drone  
  17  0:52  Hatchery  
  17  0:55  Drone  
  17  0:59  Drone  
  18  1:11  Spawning Pool  
  18  1:13  Extractor  
  18  1:16  Drone  
  17  1:20  Drone  
  18  1:29  Drone  
  19  1:39  Overlord  
  19  1:52  Drone  
  20  1:58  Queen  
  20  2:01  Zergling x2  
  23  2:03  Queen  
  23  2:04  Zergling x2  
  26  2:13  Drone  
  27  2:15  Metabolic Boost  
  27  2:18  Drone  
  28  2:29  Drone x2  
  30  2:37  Drone x2  
  32  2:55  Hatchery  
  32  2:58  Drone x4  
  35  3:06  Overlord  
  35  3:11  Drone  
  36  3:13  Overlord  
  36  3:20  Overlord  
  36  3:28  Drone x4  
  36  3:29  Drone  
  36  3:32  Spore Crawler  
  36  3:33  Spore Crawler  
  39  3:37  Drone x2  
  41  3:43  Extractor  
  41  3:45  Drone x3  
  43  3:56  Overlord  
  43  4:01  Zergling x4, Spore Crawler  
  43  4:02  Zergling x2  
  44  4:08  Queen  
  46  4:11  Lair  
  46  4:12  Drone  
  46  4:13  Drone x3  
  50  4:18  Roach Warren  
  49  4:24  Spore Crawler  
  49  4:25  Spore Crawler  
  49  4:26  Drone x4  
  51  4:36  Zergling x4  
  51  4:37  Zergling x8  
  57  4:42  Extractor  
  57  4:45  Evolution Chamber  
  55  4:48  Overlord  
  55  4:49  Drone x3  
  58  4:58  Overlord  
  57  5:00  Overlord  
  57  5:03  Overlord  
  57  5:07  Overlord  
  57  5:08  Drone x2  
  57  5:09  Drone x2  
  60  5:14  Overlord  
  60  5:16  Drone  
  60  5:17  Drone  
  60  5:21  Drone x3  
  63  5:32  Drone  
  63  5:33  Drone x5  
  67  5:35  Zerg Missile Weapons Level 1  
  67  5:40  Extractor  
  66  5:45  Drone x3  
  66  5:48  Hydralisk Den  
  68  5:52  Drone  
  68  5:53  Drone x7  
  76  5:59  Drone x2  
  78  6:05  Overseer, Drone x3  
  78  6:11  Overseer  
  81  6:14  Overlord, Extractor  
  81  6:15  Extractor  
  81  6:17  Muscular Augments  
  79  6:21  Hydralisk x5  
  89  6:29  Hydralisk x4  
  97  6:37  Hydralisk x3  
  103  6:41  Overlord x2  
  103  6:49  Hydralisk x4  
  111  7:06  Spine Crawler x2  
  111  7:07  Hydralisk  
  111  7:08  Hydralisk  
  113  7:10  Spore Crawler  
  113  7:13  Drone x2, Hatchery  
  113  7:25  Spire  
  113  7:26  Overlord  
  113  7:28  Overlord  
  113  7:29  Hydralisk x2  
  112  7:30  Hydralisk x2  
  112  7:32  Zerg Missile Weapons Level 2  
  112  7:34  Drone x2  
  122  7:37  Overlord  
  122  7:49  Hydralisk  
  122  7:50  Hydralisk x5  
  134  8:02  Lurker Den  
  134  8:05  Hydralisk  
  134  8:06  Hydralisk x2  
  134  8:07  Overlord  
  134  8:08  Overlord x2  
  140  8:15  Infestation Pit  
  139  8:20  Baneling Nest, Zergling x14  
  139  8:27  Roach x4  
  153  8:32  Roach x3  
  159  8:34  Glial Reconstitution  
  148  8:42  Roach  
  148  8:43  Roach x4  
  129  8:49  Roach x3  
  129  8:54  Hydralisk x2  
  129  9:04  Roach  
  129  9:05  Roach x6  
  141  9:14  Roach x5  
  140  9:20  Hydralisk x3  
  132  9:26  Hydralisk  
  132  9:27  Hydralisk  
  127  9:35  Roach  
  127  9:36  Roach x3  
  132  9:45  Roach x3  
Tags
 
Add a new tag
Caveats
  • Supply blocks, unpowered buildings, or Contaminate may cause inaccurate times.
  • Supply counts are checked every 10 seconds.